General information
- name: BNet
- type: Ladder team game (AT/RT)
- host: Battle.net
- saver: Vespasian
map: MarketSquare
- players: 8
- length: 33:15
- speed: Fast
- version: 1.26 W3XP
- replay type: Public
» download(225 KB)
Players
team 1 (winner)

»
msdfkojgerapghb (
blue | 37 APM | 1245 actions | 33:15)
10 Mountain King
3 Storm Bolt
3 Bash
1 Avatar
3 Thunder Clap
6 Paladin
3 Holy Light
2 Divine Shield
1 Resurrection
» actions
| Basic commands | 1 | |
| Build / train | 85 | |
| Enter build submenu | 30 | |
| Enter hero's abilities submenu | 16 | |
| Give item / drop item | 3 | |
| Remove unit from queue | 1 | |
| Right click | 472 | |
| Select / deselect | 540 | |
| Use ability | 97 | |
1245 total
» units
| Peasant | 20 | |
| Footman | 6 | |
| Rifleman | 6 | |
| Siege Engine | 6 | |
| Knight | 4 | |
| Mortar Team | 3 | |
45 total
» upgrades
| Lumber Harvesting | 2 | |
| Gunpowder | 3 | |
| Plating | 3 | |
| Swords | 2 | |
| Armor | 2 | |
| Barrage | 1 | |
13 total
» buildings
| Farm | 19 | |
| Altar of Kings | 1 | |
| Barracks | 1 | |
| Arcane Vault | 1 | |
| Town Hall | 4 | |
| Keep | 3 | |
| Lumber Mill | 1 | |
| Blacksmith | 4 | |
| Castle | 3 | |
| Workshop | 5 | |
| Scout Tower | 1 | |
43 total
» build order
00:09 Farm
00:13 Altar of Kings
00:25 Farm
00:26 Farm
00:28 Farm
01:15 Barracks
01:33 Farm
02:06 Arcane Vault
05:12 Town Hall
05:56 Keep
07:35 Lumber Mill
07:38 Blacksmith
08:04 Farm
08:05 Farm
08:07 Farm
08:09 Farm
08:18 Castle
09:06 Blacksmith
09:11 Workshop
09:15 Workshop
09:20 Workshop
09:47 Workshop
10:43 Workshop
11:29 Farm
12:30 Farm
13:12 Farm
15:58 Town Hall
18:05 Keep
18:14 Town Hall
18:41 Farm
19:29 Farm
19:31 Farm
19:31 Farm
19:32 Farm
21:04 Keep
22:03 Farm
22:34 Castle
23:35 Castle
23:45 Farm
23:53 Blacksmith
25:18 Blacksmith
29:20 Scout Tower
30:37 Town Hall
» items
| Scroll of Regeneration | 1 | |
| Orb of Fire | 1 | |
2 total

»
dsaasasd (
purple | 93 APM | 3108 actions | 33:15)
7 Crypt Lord
3 Carrion Beetles
2 Spiked Carapace
1 Impale
1 Locust Swarm
4 Death Knight
2 Death Coil
2 Unholy Aura
» actions
| Assign group hotkey | 61 | |
| Basic commands | 88 | |
| Build / train | 94 | |
| ESC pressed | 1 | |
| Enter build submenu | 24 | |
| Enter hero's abilities submenu | 11 | |
| Right click | 1189 | |
| Select / deselect | 561 | |
| Select group hotkey | 944 | |
| Use ability | 135 | |
3108 total
» units
| Acolyte | 20 | |
| Ghoul | 9 | |
| Crypt Fiend | 16 | |
| Frost Wyrm | 4 | |
| Obsidian Statue | 5 | |
| Gargoyle | 6 | |
60 total
» upgrades
| Creature Attack | 2 | |
| Burrow | 1 | |
| Web | 1 | |
| Freezing Breath | 1 | |
| Creature Carapace | 1 | |
| Destroyer Form | 1 | |
7 total
» buildings
| Crypt | 2 | |
| Ziggurat | 10 | |
| Altar of Darkness | 1 | |
| Graveyard | 1 | |
| Tomb of Relics | 1 | |
| Halls of the Dead | 2 | |
| Black Citadel | 1 | |
| Spirit Tower | 4 | |
| Sacrificial Pit | 1 | |
| Boneyard | 1 | |
| Necropolis | 1 | |
| Slaughterhouse | 1 | |
26 total
» build order
00:05 Crypt
00:08 Ziggurat
00:34 Altar of Darkness
00:56 Graveyard
01:24 Ziggurat
01:38 Tomb of Relics
03:31 Halls of the Dead
04:04 Ziggurat
06:20 Black Citadel
06:23 Ziggurat
08:04 Spirit Tower
09:52 Sacrificial Pit
15:42 Boneyard
15:43 Spirit Tower
17:38 Ziggurat
19:03 Ziggurat
19:08 Necropolis
20:23 Ziggurat
21:40 Spirit Tower
21:41 Ziggurat
23:13 Crypt
23:56 Slaughterhouse
25:14 Spirit Tower
29:54 Halls of the Dead
32:30 Ziggurat
33:07 Ziggurat
» items
| Rod of Necromancy | 1 | |
| Scroll of Healing | 1 | |
| Scroll of Protection | 1 | |
| Scroll of Town Portal | 1 | |
| Potion of Healing | 2 | |
| Orb of Corruption | 1 | |
7 total
catstevens (
pink | 30 APM | 998 actions | 33:15)
5 Lich
3 Frost Nova
2 Dark Ritual
4 Death Knight
2 Death Coil
2 Death Pact
» actions
| Basic commands | 33 | |
| Build / train | 75 | |
| Enter build submenu | 26 | |
| Enter hero's abilities submenu | 10 | |
| Give item / drop item | 1 | |
| Right click | 370 | |
| Select / deselect | 390 | |
| Use ability | 92 | |
998 total
» units
| Acolyte | 22 | |
| Ghoul | 5 | |
| Crypt Fiend | 8 | |
| Frost Wyrm | 9 | |
44 total
» upgrades
| Creature Attack | 3 | |
| Creature Carapace | 3 | |
| Web | 1 | |
| Freezing Breath | 2 | |
9 total
» buildings
| Crypt | 2 | |
| Ziggurat | 10 | |
| Altar of Darkness | 1 | |
| Graveyard | 1 | |
| Tomb of Relics | 3 | |
| Nerubian Tower | 2 | |
| Halls of the Dead | 1 | |
| Spirit Tower | 3 | |
| Black Citadel | 1 | |
| Sacrificial Pit | 1 | |
| Necropolis | 1 | |
| Boneyard | 3 | |
29 total
» build order
00:11 Crypt
00:17 Crypt
00:24 Ziggurat
00:54 Altar of Darkness
01:07 Graveyard
01:34 Ziggurat
01:46 Tomb of Relics
02:58 Nerubian Tower
03:43 Halls of the Dead
04:14 Ziggurat
07:57 Spirit Tower
07:58 Spirit Tower
08:03 Ziggurat
08:48 Black Citadel
08:53 Sacrificial Pit
11:40 Ziggurat
13:57 Ziggurat
14:01 Ziggurat
14:04 Necropolis
14:06 Tomb of Relics
14:10 Ziggurat
14:15 Tomb of Relics
14:27 Boneyard
14:34 Boneyard
14:40 Boneyard
15:21 Nerubian Tower
20:49 Ziggurat
29:00 Ziggurat
30:51 Spirit Tower
» items
| Rod of Necromancy | 1 | |
| Periapt of Vitality | 1 | |
| Scroll of Town Portal | 1 | |
| Potion of Healing | 1 | |
4 total
Indianapones (
green | 60 APM | 2011 actions | 33:15)
6 Warden
3 Fan of Knives
1 Shadow Strike
1 Blink
1 Spirit of Vengeance
3 Keeper of the Grove
1 Thorns Aura
2 Force of Nature
4 Demon Hunter
2 Evasion
1 Immolation
1 Mana Burn
» actions
| Assign group hotkey | 44 | |
| Build / train | 114 | |
| ESC pressed | 1 | |
| Enter build submenu | 32 | |
| Enter hero's abilities submenu | 13 | |
| Remove unit from queue | 4 | |
| Right click | 748 | |
| Select / deselect | 513 | |
| Select group hotkey | 436 | |
| Use ability | 105 | |
2011 total
» units
| Wisp | 31 | |
| Huntress | 20 | |
| Druid of the Claw | 9 | |
| Dryad | 9 | |
| Hippogryph | 8 | |
77 total
» upgrades
| Sentinel | 1 | |
| Druid of the Claw Training | 2 | |
| Well Spring | 1 | |
| Strength of the Wild | 3 | |
| Reinforced Hides | 3 | |
| Upgrade Moon Glaive | 1 | |
| Mark of the Claw | 1 | |
| Abolish Magic | 1 | |
| Moon Armor | 1 | |
14 total
» buildings
| Altar of Elders | 1 | |
| Moon Well | 13 | |
| Ancient of War | 1 | |
| Hunter's Hall | 1 | |
| Tree of Ages | 1 | |
| Tree of Life | 6 | |
| Tree of Eternity | 1 | |
| Ancient of Lore | 2 | |
| Ancient of Wind | 2 | |
28 total
» build order
00:08 Altar of Elders
00:32 Moon Well
01:04 Ancient of War
01:29 Moon Well
01:46 Moon Well
02:28 Moon Well
02:31 Hunter's Hall
04:02 Moon Well
04:23 Moon Well
05:29 Moon Well
06:42 Moon Well
06:53 Tree of Ages
07:35 Moon Well
08:29 Moon Well
09:21 Tree of Life
09:29 Moon Well
09:36 Tree of Eternity
11:15 Moon Well
11:28 Ancient of Lore
11:29 Ancient of Lore
25:07 Ancient of Wind
25:10 Ancient of Wind
25:21 Tree of Life
25:34 Tree of Life
26:11 Moon Well
28:03 Tree of Life
31:16 Tree of Life
32:23 Tree of Life
team 2 (loser)

»
FollyFoolofTook (
yellow | 30 APM | 583 actions | 19:36)
5 Blademaster
2 Wind Walk
3 Critical Strike
3 Tauren Chieftain
1 Endurance Aura
1 War Stomp
1 Shockwave
» actions
| Build / train | 45 | |
| Enter build submenu | 21 | |
| Enter hero's abilities submenu | 8 | |
| Give item / drop item | 1 | |
| Right click | 278 | |
| Select / deselect | 185 | |
| Use ability | 45 | |
583 total
» units
| Peon | 13 | |
| Wind Rider | 9 | |
| Forest Troll High Priest | 2 | |
24 total
» upgrades
| Spiked Barricades | 1 | |
| Armor | 2 | |
| Ranged Weapons | 2 | |
5 total
» buildings
| Altar of Storms | 1 | |
| Orc Burrow | 6 | |
| War Mill | 1 | |
| Stronghold | 1 | |
| Watch Tower | 6 | |
| Fortress | 1 | |
| Beastiary | 2 | |
| Great Hall | 1 | |
19 total
» build order
00:08 Altar of Storms
00:19 Orc Burrow
00:36 War Mill
02:07 Stronghold
02:32 Orc Burrow
02:54 Orc Burrow
03:59 Watch Tower
04:03 Watch Tower
04:45 Fortress
05:10 Beastiary
06:04 Beastiary
07:39 Orc Burrow
08:32 Orc Burrow
08:36 Orc Burrow
15:04 Great Hall
15:30 Watch Tower
15:36 Watch Tower
17:34 Watch Tower
17:36 Watch Tower
» items
| Potion of Healing | 3 | |
| Scroll of Regeneration | 1 | |
4 total
shinji34 (
red | 34 APM | 622 actions | 18:21)
2 Mountain King
1 Storm Bolt
1 Thunder Clap
» actions
| Assign group hotkey | 25 | |
| Build / train | 45 | |
| Enter build submenu | 17 | |
| Enter hero's abilities submenu | 2 | |
| Remove unit from queue | 1 | |
| Right click | 182 | |
| Select / deselect | 135 | |
| Select group hotkey | 194 | |
| Use ability | 21 | |
622 total
» units
| Peasant | 7 | |
| Footman | 3 | |
| Rifleman | 14 | |
| Siege Engine | 6 | |
30 total
» upgrades
| Gunpowder | 2 | |
| Armor | 2 | |
| Lumber Harvesting | 2 | |
| Long Rifles | 1 | |
| Plating | 1 | |
| Barrage | 1 | |
9 total
» buildings
| Altar of Kings | 1 | |
| Farm | 8 | |
| Barracks | 2 | |
| Keep | 1 | |
| Blacksmith | 1 | |
| Lumber Mill | 1 | |
| Workshop | 2 | |
| Castle | 1 | |
17 total
» build order
01:01 Altar of Kings
01:16 Farm
01:58 Barracks
02:14 Farm
02:49 Keep
03:12 Blacksmith
03:27 Lumber Mill
03:38 Farm
04:24 Farm
05:19 Workshop
05:33 Farm
06:31 Farm
07:35 Castle
07:55 Farm
08:21 Workshop
09:36 Barracks
12:52 Farm

»
Vespasian (
orange | 115 APM | 3836 actions | 33:15)
10 Blood Mage
3 Flame Strike
3 Siphon Mana
1 Summon Phoenix
3 Banish
» actions
| Assign group hotkey | 78 | |
| Basic commands | 110 | |
| Build / train | 196 | |
| ESC pressed | 11 | |
| Enter build submenu | 55 | |
| Enter hero's abilities submenu | 10 | |
| Give item / drop item | 3 | |
| Right click | 1435 | |
| Select / deselect | 451 | |
| Select group hotkey | 1238 | |
| Use ability | 249 | |
3836 total
» units
| Peasant | 25 | |
| Footman | 11 | |
| Dragonhawk Rider | 13 | |
| Sorceress | 1 | |
| Gryphon Rider | 11 | |
61 total
» upgrades
| Defend | 1 | |
| Masonry | 3 | |
| Swords | 3 | |
| Lumber Harvesting | 2 | |
| Armor | 3 | |
| Sorceress Training | 2 | |
| Magic Sentry | 1 | |
| Storm Hammers | 1 | |
| Cloud | 1 | |
| Animal War Training | 1 | |
18 total
» buildings
| Altar of Kings | 1 | |
| Barracks | 1 | |
| Farm | 9 | |
| Town Hall | 3 | |
| Arcane Vault | 1 | |
| Lumber Mill | 1 | |
| Scout Tower | 25 | |
| Keep | 4 | |
| Guard Tower | 39 | |
| Blacksmith | 1 | |
| Arcane Tower | 2 | |
| Castle | 4 | |
| Gryphon Aviary | 6 | |
| Arcane Sanctum | 1 | |
98 total
» build order
00:10 Altar of Kings
00:13 Barracks
00:24 Farm
00:57 Farm
01:43 Farm
02:43 Farm
03:33 Town Hall
03:34 Town Hall
04:01 Arcane Vault
05:25 Lumber Mill
05:51 Scout Tower
05:52 Scout Tower
05:54 Scout Tower
05:57 Scout Tower
06:40 Keep
06:41 Keep
06:41 Keep
06:43 Guard Tower
06:44 Guard Tower
06:45 Guard Tower
07:11 Blacksmith
07:33 Arcane Tower
07:45 Scout Tower
07:46 Scout Tower
07:47 Scout Tower
09:11 Guard Tower
09:11 Guard Tower
09:13 Castle
09:13 Castle
09:16 Gryphon Aviary
09:18 Gryphon Aviary
09:20 Gryphon Aviary
09:25 Gryphon Aviary
09:27 Gryphon Aviary
09:29 Gryphon Aviary
10:43 Arcane Sanctum
10:54 Scout Tower
10:55 Scout Tower
10:58 Scout Tower
11:27 Guard Tower
11:27 Guard Tower
11:28 Guard Tower
11:29 Guard Tower
11:29 Guard Tower
11:29 Guard Tower
11:51 Guard Tower
13:16 Farm
13:18 Farm
14:16 Scout Tower
14:18 Scout Tower
14:22 Scout Tower
14:40 Farm
14:43 Farm
14:54 Guard Tower
14:54 Guard Tower
14:55 Guard Tower
15:18 Guard Tower
24:22 Farm
24:53 Scout Tower
24:54 Scout Tower
24:55 Scout Tower
24:57 Scout Tower
25:14 Town Hall
25:16 Scout Tower
25:18 Scout Tower
25:19 Scout Tower
25:20 Guard Tower
25:21 Guard Tower
25:21 Guard Tower
25:22 Guard Tower
25:22 Guard Tower
25:23 Guard Tower
25:23 Guard Tower
25:23 Guard Tower
25:52 Guard Tower
25:53 Guard Tower
31:16 Scout Tower
31:17 Scout Tower
31:18 Scout Tower
31:19 Scout Tower
31:21 Scout Tower
» items
| Scroll of Regeneration | 17 | |
| Periapt of Vitality | 1 | |
| Staff of Teleportation | 1 | |
| Boots of Speed | 1 | |
| Potion of Invisibility | 3 | |
| Lesser Clarity Potion | 6 | |
| Mechanical Critter | 1 | |
| Potion of Healing | 2 | |
| Scroll of Town Portal | 8 | |
| Potion of Mana | 1 | |
41 total
raah (
teal | 37 APM | 1217 actions | 33:15)
4 Archmage
2 Summon Water Elemental
2 Blizzard
1 Tauren Chieftain
1 War Stomp
» actions
| Assign group hotkey | 4 | |
| Basic commands | 27 | |
| Build / train | 119 | |
| Enter build submenu | 18 | |
| Enter hero's abilities submenu | 5 | |
| Remove unit from queue | 8 | |
| Right click | 590 | |
| Select / deselect | 356 | |
| Select group hotkey | 24 | |
| Use ability | 66 | |
1217 total
» units
| Peasant | 34 | |
| Footman | 9 | |
| Mortar Team | 5 | |
| Knight | 7 | |
| Sorceress | 15 | |
| Siege Engine | 2 | |
| Wind Rider | 13 | |
85 total
» upgrades
| Gunpowder | 2 | |
| Lumber Harvesting | 1 | |
| Fragmentation Shards | 1 | |
| Masonry | 2 | |
| Sorceress Training | 2 | |
| Barrage | 1 | |
| Envenomed Spears | 1 | |
10 total
» buildings
| Altar of Kings | 1 | |
| Farm | 12 | |
| Barracks | 1 | |
| Town Hall | 3 | |
| Keep | 1 | |
| Blacksmith | 1 | |
| Lumber Mill | 1 | |
| Arcane Vault | 1 | |
| Castle | 1 | |
| Workshop | 4 | |
| Scout Tower | 4 | |
| Guard Tower | 4 | |
| Arcane Sanctum | 1 | |
| Voodoo Lounge | 1 | |
36 total
» build order
00:22 Altar of Kings
00:38 Farm
00:38 Farm
00:52 Barracks
01:37 Farm
01:38 Farm
03:36 Town Hall
04:50 Keep
05:12 Blacksmith
05:14 Lumber Mill
05:19 Arcane Vault
06:56 Farm
06:56 Farm
06:57 Farm
06:57 Farm
06:58 Farm
06:58 Farm
06:59 Farm
06:59 Farm
07:12 Castle
07:52 Workshop
07:53 Workshop
07:56 Workshop
08:22 Workshop
11:50 Scout Tower
11:51 Scout Tower
11:52 Scout Tower
11:53 Scout Tower
14:20 Town Hall
17:09 Guard Tower
17:24 Guard Tower
17:37 Arcane Sanctum
18:00 Guard Tower
18:36 Guard Tower
23:44 Town Hall
30:05 Voodoo Lounge
» items
| Scroll of Town Portal | 2 | |
| Boots of Speed | 1 | |
| Staff of Teleportation | 1 | |
4 total
Chat log
(09:35 / Allies) raah: k
(09:41 / Allies) raah: you can make units now orange
(09:46 / Allies) Vespasian: lol
(09:47 / Allies) raah: i think its safe now
(09:54 / Allies) Vespasian: I did more than you all game with 1 hero, don't tell me what to do
(10:19 / Allies) Vespasian: Down goes the gold mine
(10:46 / Allies) raah: get into the base red
(11:01 / Allies) raah: orange is towering so we better be on the defense
(11:11 / Allies) Vespasian: and harassing
(15:38 / Allies) shinji34: a little help plz
(15:42 / Allies) raah: call to arms
(15:48 / Allies) shinji34: ok a lot of help lol
(19:39 / Allies) Vespasian: not over yet wtf
(19:58 / Allies) Vespasian: dumb faggots leaving early
(29:29 / Allies) Vespasian: use him
(31:50 / All) Vespasian: gg
(32:04 / All) dsaasasd: ur too good lol
(32:14 / All) Vespasian: ? not sure if you are trash talking or complimenting me
(32:21 / All) dsaasasd: i mean
(32:25 / All) dsaasasd: actually
(32:26 / All) dsaasasd: ahahha
(32:35 / All) dsaasasd: u do campaign in hard?
(32:37 / All) Vespasian: I almost beat you 1v4
(32:41 / All) Vespasian: and killed your gold mine multiple times
(32:46 / All) Vespasian: You are in no position to shit talk
(32:53 / All) dsaasasd: i meant
(32:56 / All) dsaasasd: like as a compliment
(32:57 / All) dsaasasd: Lol
(33:00 / All) Vespasian: Oh
(33:03 / All) Vespasian: I wasn't sure
(33:06 / All) Vespasian: if you are complimenting me then ty
(33:13 / All) Vespasian: gg